 Dungeon Crawl Stone Soup version 0.32-a0-918-g0f22ef8d61 (webtiles) character file.

Game seed: 4565332902798936460

23 zazu2006 the Prestidigitator (level 2, 0/20 HPs)
             Began as a Gnoll Wanderer on Apr 10, 2024.
             Slain by an adder (3 damage)
             ... on level 3 of the Dungeon.
             The game lasted 00:02:27 (329 turns).

zazu2006 the Prestidigitator (Gnoll Wanderer)        Turns: 329, Time: 00:02:27

Health: 0/20       AC:  3    Str: 10    XL:     2   Next: 95%
Magic:  2/2        EV: 13    Int: 10    God:
Gold:   38         SH:  0    Dex: 13    Spells: 1/2 levels left

rFire   . . .        a - +0 falchion
rCold   . . .        (no shield)
rNeg    . . .        c - +0 leather armour
rPois   .            (no helmet)
rElec   .            (no cloak)
rCorr   .            (no gloves)
SInv    .            (no boots)
Will    .....        (no amulet)
Stlth   ++           (no ring)
HPRegen 0.23/turn    (no ring)
MPRegen 0.08/turn

%: no passive effects
@: no status effects
A: fangs 1, strong nose, distributed training
a: no special abilities


You were on level 3 of the Dungeon.
You visited 1 branch of the dungeon, and saw 3 of its levels.

You collected 66 gold pieces.
You spent 28 gold pieces at shops.

Inventory:

Hand Weapons
 a - a +0 falchion (weapon)
Missiles
 b - 4 throwing nets (quivered)
Armour
 c - a +0 leather armour (worn)
Wands
 d - a wand of polymorph (4)
Scrolls
 h - 2 scrolls of identify
 i - a scroll of fog {unknown}
Potions
 e - a potion of berserk rage
 f - 4 potions of curing
 g - a potion of resistance


   Skills:
 + Level 0.5 Fighting
 + Level 0.5 Short Blades
 + Level 2.5 Long Blades
 + Level 0.5 Axes
 + Level 0.5 Maces & Flails
 + Level 0.5 Polearms
 + Level 0.5 Staves
 + Level 0.5 Ranged Weapons
 + Level 2.5 Throwing
 + Level 0.5 Armour
 + Level 6.5 Dodging
 + Level 2.3 Stealth
 + Level 0.5 Shields
 + Level 0.5 Unarmed Combat
 + Level 0.5 Spellcasting
 + Level 0.4 Conjurations
 + Level 0.4 Hexes
 + Level 0.4 Summonings
 + Level 0.4 Necromancy
 + Level 0.4 Translocations
 + Level 0.4 Fire Magic
 + Level 0.4 Ice Magic
 + Level 0.4 Air Magic
 + Level 0.4 Earth Magic
 + Level 0.4 Alchemy
 + Level 0.7 Invocations
 + Level 8.5 Evocations
 + Level 0.5 Shapeshifting


You had one spell level left.
You knew the following spells:

 Your Spells              Type           Power      Damage    Failure   Level
a - Magic Dart            Conj           4%         1d3       38%         1

Your spell library contained the following spells:

 Spells                   Type           Power      Damage    Failure   Level
 Blink                    Tloc           2%         N/A       54%         2
 Call Imp                 Summ           2%         N/A       54%         2
 Teleport Other           Tloc           1%         N/A       77%         3
 Vhi's Electric Charge    Tloc/Air       2%         N/A       99%         4
 Arcjolt                  Conj/Air       0%         1d10      100%        5
 Dispersal                Tloc           0%         N/A       100%        6
 Gell's Gavotte           Tloc           0%         2d(11-16) 100%        6
 Plasma Beam              Fire/Air       0%         2x1d10    100%        6


Dungeon Overview and Level Annotations

Branches:
Dungeon (3/15)

Altars:
Dithmenos

Shops:
D:2 *


Innate Abilities, Weirdness & Mutations

You have very sharp teeth.
Your uncanny sense of smell can sniff out nearby items.
Your experience applies equally to all skills.


Message History

The adder is heavily wounded.
The adder barely misses you.
You miss the adder.
The adder is heavily wounded.
The adder bites you but does no damage. The adder bites you.
You hit the adder.
The adder is almost dead.
The adder completely misses you. The adder bites you but does no damage.
You closely miss the adder. You bite the adder, but do no damage.
The adder is almost dead.
The adder bites you.
You miss the adder.
The adder is almost dead.
The adder bites you.
You are poisoned.
The adder poisons you!
You closely miss the adder.
The adder is almost dead.
You feel sick. The adder misses you. The adder completely misses you.
You barely miss the adder.
The adder is almost dead.
You feel sick. The adder closely misses you. x2
You barely miss the adder.
The adder is almost dead.
You feel sick. The adder barely misses you.
You barely miss the adder.
The adder is almost dead.
You feel sick. The adder bites you.
* * * LOW HITPOINT WARNING * * *
The adder bites you.
* * * LOW HITPOINT WARNING * * *
You barely miss the adder.
The adder is almost dead.
You feel sick. The adder barely misses you.
You closely miss the adder.
The adder is almost dead.
You feel sick.
You are no longer poisoned.
The adder barely misses you. The adder bites you.
You die...

# #.......#
..##.......#
#..........# #
#.......# ##.
#...<...# #...
#.......# #...#
##.......#
.....###........#
#..oS@.......#
#...##########
#.#.# .) #.# #.
#.# .. #.# .. #.[
. .## .


You could see an adder and an orc.

Vanquished Creatures
  A dart slug (D:2)
  2 ball pythons (D:2)
  3 bats (D:1)
  An endoplasm (D:1)
  3 goblins
  A hobgoblin (D:3)
  3 kobolds
  3 quokkas (D:1)
17 creatures vanquished.

Notes
Turn   | Place    | Note
-------+----------+-------------------------------------------
     0 | D:1      | zazu2006 the Gnoll Wanderer began the quest for the Orb.
     0 | D:1      | zazu2006 set off with the following items: a +0 falchion, 4
                  | throwing nets, a +0 leather armour, a wand of polymorph
                  | (4), a potion of berserk rage.
     0 | D:1      | Reached XP level 1. HP: 13/13 MP: 1/1
    64 | D:1      | Reached XP level 2. HP: 16/19 MP: 2/2
   224 | D:2      | Learned a level 1 spell: Magic Dart
   235 | D:2      | Found a shadowy altar of Dithmenos.
   253 | D:2      | Found Doulompo's General Store.
   261 | D:2      | Bought a scroll of identify for 28 gold pieces
   329 | D:3      | Slain by an adder

Illustrated notes

Levels and vault maps discovered:
D:1:      mrwooster_arrival_arrow, layout_loops_corners, minmay_tromino_mix6
D:2:      layout_rooms, serial_shops, shop, basic_altar, nrook_uturn
D:3:      layout_rooms, worldfamousw_hep_ancestral_shrine,
          hangedman_abyss_or_decor_stabs, dk_noncrumbling_4, minmay_hedge_maze,
          uniq_jessica

Action                     || total
---------------------------++-------
  Melee: Falchion          ||    67
         Bite              ||     4
    Use: Scroll            ||     2
   Stab: Sleeping          ||     4
 Armour: Leather armour    ||    41
  Dodge: Dodged            ||    63

Table legend: (Time is in decaauts)
 A = Elapsed time spent in this place.
 B = Non-inter-level travel time spent in this place.
 C = Inter-level travel time spent in this place.
 D = Time resting spent in this place.
 E = Time spent auto-exploring this place.
 F = Levels seen in this place.
 G = Mean time per level.
                   A        B        C        D        E       F      G
               +--------+--------+--------+--------+--------+-----+--------+
         Total |    339 |    317 |     22 |      0 |     12 |   3 |  113.0 |
       Dungeon |    339 |    317 |     22 |      0 |     12 |   3 |  113.0 |
               +--------+--------+--------+--------+--------+-----+--------+

Top non-repeatable levels by time:
     D:1: 184 daAuts
     D:2: 119 daAuts
     D:3: 35 daAuts
